 Dungeon Crawl Stone Soup version 0.28.0-1-gb440e238dd (webtiles) character file.

Game seed: 406604875017640656

7886 croobank the Firebug (level 11, -16/66 HPs)
             Began as a Grey Draconian Fire Elementalist on Feb 23, 2022.
             Was a Priest of Hepliaklqana.
             Demolished by a two-headed ogre (17 damage)
             ... on level 10 of the Dungeon.
             The game lasted 00:59:02 (12104 turns).

croobank the Firebug (DrFE)                        Turns: 12104, Time: 00:59:05

Health: -16/66     AC: 13    Str: 17    XL:     11   Next: 2%
Magic:  2/21       EV: 15    Int: 21    God:    Hepliaklqana [***...]
Gold:   628        SH:  0    Dex: 16    Spells: 6/23 levels left

rFire   + . .      SeeInvis .   a - +4 morningstar (drain)
rCold   + + .      Faith    .   (no shield)
rNeg    . . .      Spirit   .   (armour unavailable)
rPois   +          Reflect  .   (helmet restricted)
rElec   +          Harm     .   c - +0 cloak
rCorr   +          Rampage  .   (no gloves)
Will    .....                   (no boots)
Stlth   ++++......              (no amulet)
HPRegen 0.21/turn               D - ring of protection from cold
MPRegen 0.17/turn               G - +6 ring of strength

@: resistant, slowed, very slow
A: reduced essence, AC +12, amphibious, unfitting armour, cold-blooded, talons
1, agile 2, clever 1
a: Renounce Religion, Recall Ancestor, Ancestor Identity, Transference


You were on level 10 of the Dungeon.
You worshipped Hepliaklqana.
Hepliaklqana was most pleased with you.
You visited 2 branches of the dungeon, and saw 11 of its levels.

You collected 628 gold pieces.

Inventory:

Hand Weapons
 a - a +4 morningstar of draining (weapon)
 b - the +6 hunting sling of the Brain {flame, rPois rC+ Str+2}
   (You found it on level 5 of the Dungeon)

   Any ammunition fired from it burns those it strikes, dealing additional fire
   damage.
   Str:       It affects your strength (+2).
   rC:        It protects you from cold.
   rPois:     It protects you from poison.
 i - a +1 flail of draining
 j - a +3 rapier of freezing
 p - a +4 mace
 r - a +3 hand axe of freezing
 s - a +2 scimitar
 t - a +4 battleaxe
 z - a +3 hand axe
 B - a +1 vampiric whip
 F - a +4 spear of freezing
 K - a +2 great sword
 O - a +2 dagger of distortion
 P - a +0 broad axe
Missiles
 d - 149 arrows
 g - 228 stones
 A - 2 curare-tipped darts (quivered)
 H - 11 boomerangs
 I - 39 sling bullets
 N - 33 bolts
 R - 3 poisoned darts
Armour
 c - a +0 cloak (worn)
 u - a +0 buckler
 C - a +0 kite shield of protection
Jewellery
 f - a +4 ring of protection
 l - an amulet of guardian spirit
 y - the amulet of Impatience {Acrobat +Inv rPois Int-5 Slay-4}
   (You took it off a hobgoblin on level 2 of the Dungeon)

   [amulet of the acrobat]

   It increases your evasion while moving and waiting.
   Int:       It affects your intelligence (-5).
   Slay:      It affects your accuracy & damage with ranged weapons and melee
   (-4).
   rPois:     It protects you from poison.
   +Inv:      It lets you turn invisible.
 D - a ring of protection from cold (left hand)
 E - a +4 ring of evasion
 G - a +6 ring of strength (right hand)
 M - an amulet of guardian spirit
Wands
 o - a wand of acid (10)
 J - a wand of paralysis (7)
 L - a wand of flame (8)
Scrolls
 q - a scroll of immolation
 w - a scroll of magic mapping
 x - a scroll of vulnerability
Potions
 e - 3 potions of ambrosia
 k - 2 potions of lignification
 n - 4 potions of flight
 v - a potion of mutation


   Skills:
 + Level 6.7 Dodging
 + Level 7.4 Stealth
 + Level 6.8 Spellcasting
 + Level 7.2 Conjurations
 + Level 7.8 Fire Magic
 * Level 5.7 Poison Magic


You had 6 spell levels left.
You knew the following spells:

 Your Spells              Type           Power      Damage    Failure   Level
a - Foxfire               Conj/Fire      100%       2x1d9     1%          1
b - Scorch                Fire           78%        2d8       1%          2
c - Flame Wave            Conj/Fire      38%        2d9       4%          4
d - Tukima's Dance        Hex            7%         N/A       26%         3
e - Olgreb's Toxic Radia  Pois           31%        N/A       9%          4
f - Beastly Appendage     Tmut           14%        N/A       9%          1
g - Wereblood             Tmut           7%         N/A       14%         2

Your spell library contained the following spells:

 Spells                   Type           Power      Damage    Failure   Level
 Conjure Flame            Conj/Fire      38%        6-21      1%          3
 Sting                    Tmut/Pois      76%        1d6       2%          1
 Poisonous Vapours        Pois/Air       38%        N/A       4%          2
 Inner Flame              Hex/Fire       23%        N/A       5%          3
 Spider Form              Tmut/Pois      19%        N/A       9%          3
 Passage of Golubria      Tloc           7%         N/A       65%         4
 Yara's Violent Unravell  Hex/Tmut       3%         3d4       94%         5


Dungeon Overview and Level Annotations

Branches:
Dungeon (10/15)            Temple (1/1) D:6            Lair (0/6) D:8
    Orc: D:9-12

Altars:
Ashenzari
Cheibriados
Dithmenos
Elyvilon
Fedhas
Gozag
Hepliaklqana
Kikubaaqudgha
Makhleb
Nemelex Xobeh
Okawaru
Qazlal
Ru
Sif Muna
Trog
Uskayaw
Vehumet
Wu Jian
Xom
Yredelemnul
Zin
The Shining One

Shops:
D:1 *   D:5 =

Annotations:
D:2 Terence
D:3 3 runed translucent doors, pkoi's ghost, amateur DrTm
D:10 Fannar; Josephine; Nergalle


Innate Abilities, Weirdness & Mutations

Your life essence is reduced to manifest your ancestor. (-10% HP)
Your dull iron-grey scales are very hard. (AC +12)
You are amphibious.
You cannot fit into any form of body armour.
You are cold-blooded and may be slowed by cold attacks.
You have sharp toenails.
You are very agile. (Dex +4)
Your mind is acute. (Int +2)


Message History

The wraith is moderately damaged.
The flame wave engulfs the two-headed ogre!
The two-headed ogre is burned terribly!
The two-headed ogre is heavily wounded.
You finish channelling waves of flame.
The two-headed ogre is no longer more vulnerable to fire.
The wraith hits you but does no damage. x2
Josephine hits you with a +0 dagger.
* * * LOW HITPOINT WARNING * * *
Casting: Flame Wave (dangerous; 4% risk of failure)
Confirm with . or Enter, or press ? or * to list all spells.
You don't know that spell.
You thump the wraith!
You destroy the wraith!
The wraith hits you.
* * * LOW HITPOINT WARNING * * *
The wraith drains your vigour!
You feel as though you will be slow longer.
Josephine barely misses you. The wraith hits you but does no damage.
Josephine hits you but does no damage.
You feel better. The wraith barely misses you.
Josephine hits you with a +0 dagger.
* * * LOW HITPOINT WARNING * * *
The wraith hits you but does no damage. Josephine hits you but does no damage.
You closely miss Josephine.
Josephine is heavily wounded.
You feel less wooden.
Your +0 cloak unmelds from your body.
The wraith closely misses you.
Josephine grins malevolently.
Josephine hits you with a +0 dagger!
* * * LOW HITPOINT WARNING * * *
The wraith hits you but does no damage. Josephine hits you but does no damage.
As you read the scroll labelled MYS LIAN USAICW, it crumbles to dust.
You speak a Word of immense power!
The wraith convulses!
You destroy the wraith!
The wraith convulses!
You destroy the wraith!
It was a scroll of holy word.
Josephine closely misses you. x2
The two-headed ogre hits you with a +0 giant club!
You die...

###### . ##...#. ..
##...... ...
######....... .....
###............ .....
####......#.......
......#.....e...........
#..@@##......###...#.
#....O##.......# ######
##..#..#.......# ###
##.##.........# ...##
#.####.).....#.....#
#.###)).............
#.##))####.##.......
#.##.## #..........
######.#..# ####......#


You could see Fannar, Josephine and a two-headed ogre.

Vanquished Creatures
  2 tengu warriors (D:8)
  Grinder (D:4)
  Sigmund (D:2)
  4 wraiths (D:10)
  2 yaks (D:10)
  3 water moccasins
  2 orc warriors (D:9)
  2 sky beasts
  A necrophage (D:6)
  3 black bears
  An ice beast (D:5)
  2 phantoms
  2 kobold brigands
  A bullfrog (D:6)
  3 scorpions (D:5)
  A water moccasin zombie (D:5)
  A wyvern zombie (D:6)
  A wyvern skeleton (D:5)
  2 killer bees (D:9)
  11 wights
  A howler monkey (D:4)
  3 bullfrog zombies
  2 centaur zombies
  4 hounds
  A gnoll shaman (D:5)
  5 orc priests
  A bullfrog skeleton (D:6)
  A jelly (D:6)
  A centaur skeleton (D:4)
  4 orc wizards
  2 killer bee zombies (D:6)
  2 howler monkey zombies (D:6)
  A howler monkey skeleton (D:7)
  5 adders
  16 gnolls
  A shadow imp (D:6)
  A white imp (D:8)
  2 ufetubi
  An adder skeleton (D:4)
  4 worms
  2 dart slugs
  30 orcs
  8 ball pythons
  2 endoplasms
  6 giant cockroaches
  5 goblins
  8 hobgoblins
  3 jackals (D:1)
  3 quokkas
  5 bats
  3 frilled lizards
  20 kobolds
  10 rats
209 creatures vanquished.

Vanquished Creatures (collateral kills)
  Psyche (D:8)
  A wraith (D:10)
  5 yaks
  A wyvern (D:8)
  3 orc warriors
  A black bear (D:8)
  A scorpion (D:8)
  2 gnoll sergeants
  2 bullfrogs (D:8)
  2 killer bees (D:9)
  5 wights
  2 orc priests
  A bullfrog skeleton (D:5)
  A jelly (D:5)
  A killer bee zombie (D:8)
  2 gnolls
  7 orcs
  A foxfire (D:8)
39 creatures vanquished.

Vanquished Creatures (others)
  3 ancestors
  6 battlemagi
  353 foxfires
  28 fungi (D:8)
  37 plants
427 creatures vanquished.

Grand Total: 675 creatures vanquished

Notes
Turn   | Place    | Note
-------+----------+-------------------------------------------
     0 | D:1      | croobank the Draconian Fire Elementalist began the quest
                  | for the Orb.
     0 | D:1      | Reached XP level 1. HP: 14/14 MP: 3/3
   102 | D:1      | Found Taukeg's General Store.
   213 | D:1      | Reached XP level 2. HP: 20/20 MP: 1/5
   218 | D:1      | Learned a level 2 spell: Scorch
  1017 | D:1      | Reached XP level 3. HP: 26/26 MP: 1/6
  1177 | D:2      | Found a glowing silver altar of Zin.
  1184 | D:2      | Found a faded altar of an unknown god.
  1233 | D:2      | Noticed Sigmund
  1561 | D:2      | Reached XP level 4. HP: 33/33 MP: 5/7
  1638 | D:2      | Noticed Terence
  2011 | D:3      | Found a runed translucent gate.
  2011 | D:3      | Found a runed translucent gate.
  2012 | D:3      | Found a runed translucent gate.
  2015 | D:3      | Noticed pkoi's ghost (amateur DrTm)
  2016 | D:3      | Noticed a kobold brigand
  2058 | D:3      | Noticed a sky beast
  2064 | D:3      | Killed a sky beast
  2065 | D:3      | Reached XP level 5. HP: 29/38 MP: 0/9
  2852 | D:4      | Reached XP level 6. HP: 45/45 MP: 7/10
  2948 | D:4      | Noticed Grinder
  2988 | D:5      | Entered Level 5 of the Dungeon
  3027 | D:5      | Found Qoewom's Jewellery Boutique.
  3215 | D:5      | Noticed a sky beast
  3221 | D:5      | Killed a sky beast
  3222 | D:5      | Your scales start taking on a dull iron-grey colour.
  3222 | D:5      | Reached XP level 7. HP: 50/50 MP: 2/12
  3750 | D:5      | Identified the +6 hunting sling of the Brain {flame, rPois
                  | rC+ Str+2}
  3810 | D:5      | Reached skill level 5 in Fire Magic
  4205 | D:5      | Reached XP level 8. HP: 52/57 MP: 6/14
  4667 | D:6      | Found a staircase to the Ecumenical Temple.
  4678 | Temple   | Entered the Ecumenical Temple
  4880 | Temple   | Became a worshipper of Hepliaklqana the Forgotten
  5516 | D:6      | Reached skill level 5 in Stealth
  5610 | D:6      | Found a basalt altar of Yredelemnul.
  6032 | D:6      | Reached skill level 5 in Spellcasting
  6032 | D:6      | Reached skill level 5 in Conjurations
  6401 | D:7      | Reached skill level 5 in Dodging
  6407 | D:7      | Reached XP level 9. HP: 9/62 MP: 4/16
  6517 | D:7      | Learned a level 4 spell: Flame Wave
  6768 | D:4      | Killed Grinder
  7292 | D:4      | Reached * piety under Hepliaklqana
  7801 | D:2      | Learned a level 3 spell: Tukima's Dance
  7879 | D:2      | Identified the amulet of Impatience {Acrobat +Inv rPois
                  | Int-5 Slay-4}
  8011 | D:2      | Killed Sigmund
  8988 | D:7      | Learned a level 4 spell: Olgreb's Toxic Radiance
  9325 | D:8      | Noticed a tengu warrior
  9327 | D:8      | Noticed a tengu warrior
  9475 | D:9      | Reached skill level 1 in Poison Magic
  9559 | D:9      | Gained mutation: You are agile. (Dex +2) [potion of
                  | mutation]
  9559 | D:9      | Gained mutation: You are very agile. (Dex +4) [potion of
                  | mutation]
  9559 | D:9      | Gained mutation: You have sharp toenails. [potion of
                  | mutation]
  9559 | D:9      | Gained mutation: Your mind is acute. (Int +2) [potion of
                  | mutation]
 10006 | D:9      | Reached ** piety under Hepliaklqana
 10007 | D:9      | Remembered your ancestor Khenut as a battlemage
 10177 | D:9      | Reached XP level 10. HP: 45/62 MP: 13/19
 10283 | D:9      | Learned a level 1 spell: Beastly Appendage
 10286 | D:9      | Learned a level 2 spell: Wereblood
 10669 | D:8      | Found a staircase to the Lair.
 11008 | D:8      | Noticed Psyche
 11012 | D:8      | Killed Psyche
 11130 | D:8      | Killed a tengu warrior
 11133 | D:8      | Killed a tengu warrior
 11134 | D:8      | Reached skill level 5 in Poison Magic
 11657 | D:10     | Entered Level 10 of the Dungeon
 11998 | D:10     | Reached *** piety under Hepliaklqana
 11998 | D:10     | Noticed Fannar
 12005 | D:10     | Noticed Nergalle
 12010 | D:10     | HP: 2/61 [Fannar (8)]
 12088 | D:10     | Noticed Josephine
 12088 | D:10     | Noticed a two-headed ogre
 12100 | D:10     | Reached XP level 11. HP: 10/66 MP: 2/21
 12101 | D:10     | HP: 4/99 [wraith[Josephine] (6)]
 12103 | D:10     | HP: 1/66 [Josephine (7)]
 12104 | D:10     | Demolished by a two-headed ogre

Illustrated notes

Levels and vault maps discovered:
D:1:      sevenhm_arrival_forest_fort_small_5, layout_loops_cross, serial_shops,
          shop
D:2:      layout_rooms, basic_ecumenical_altar, basic_altar, uniq_terence,
          uniq_sigmund
D:3:      layout_loops_ring, gammafunk_ghost_nasty_kobolds,
          minmay_fractal_squares_5
D:4:      layout_loops_ring, uniq_grinder
D:5:      layout_basic, serial_shops, nicolae_shop_hallway_stairs, fountainhead
D:6:      layout_loops_corners, nicolae_yredelemnul_corpse_copse,
          minmay_temple_entry_tees
D:7:      nicolae_cairo_tiling_large, layout_gridville
D:8:      layout_rooms, due_lair_maze_entry_diamond, enter_bailey_5, uniq_psyche
D:9:      layout_rooms, special_room [special_room_orc], due_unseen_surprise
D:10:     layout_rooms, uniq_fannar, uniq_josephine, uniq_nergalle
Temple:   mainiacjoe_temple_starburst

Skill      XL: |  1  2  3  4  5  6  7  8  9 10 |
---------------+-------------------------------+-----
Stealth        | 2 3 4 5 6 7 |  7.4
Dodging        | 2 3 4 5 6 |  6.7
Conjurations   | 2 3 4 5 6 7 |  7.2
Spellcasting   | 3 4 5 6 |  6.8
Fire Magic     | 4 5 6 7 |  7.8
Poison Magic   | 2 5 |  5.7

Action                   |  1- 3 |  4- 6 |  7- 9 | 10-12 || total
-------------------------+-------+-------+-------+-------++-------
Melee: Dagger            |    25 |       |       |       ||    25
       Tailslap          |     4 |     1 |    15 |     2 ||    22
       Punch             |     1 |       |     2 |       ||     3
       Unarmed           |     1 |       |       |       ||     1
       Rapier            |     8 |    13 |     4 |       ||    25
       Mace              |       |       |   108 |    13 ||   121
       Kick              |       |       |     7 |    11 ||    18
       Morningstar       |       |       |       |    14 ||    14
 Fire: Hunting sling     |       |       |     9 |     4 ||    13
 Cast: Foxfire           |    48 |    25 |   115 |    27 ||   215
       Scorch            |    10 |    23 |   129 |    44 ||   206
       Flame Wave        |       |       |     2 |     4 ||     6
Invok: Ancestor Life: Ba |       |       |     1 |       ||     1
  Use: Scroll            |     3 |     3 |     3 |     8 ||    17
       Potion            |       |     3 |     6 |     7 ||    16
 Stab: Sleeping          |       |       |     1 |     1 ||     2
       Distracted        |       |       |       |     1 ||     1
Armor: Skin              |    13 |    34 |   119 |    64 ||   230
Dodge: Dodged            |    27 |    33 |   174 |    78 ||   312
